 Dungeon Crawl Stone Soup version 0.21-a0-47-g7c8f537 (webtiles) character file.

33 Duffy the Firebug (level 3, -3/31 HPs)
             Began as an Ogre Fire Elementalist on June 8, 2017.
             Engulfed by a cloud of steam (6 damage)
             ... on level 1 of the Dungeon.
             The game lasted 00:01:21 (685 turns).

Duffy the Firebug (Ogre Fire Elementalist)           Turns: 685, Time: 00:01:21

Health: -3/31      AC:  3    Str: 12    XL:     3   Next: 29%
Magic:  6/7        EV: 10    Int: 17    God:
Gold:   30         SH:  0    Dex:  9    Spells: 6/7 levels left

rFire    . . .     SeeInvis .   (no weapon)
rCold    . . .     Gourm    .   (no shield)
rNeg     . . .     Faith    .   a - +0 robe
rPois    .         Spirit   .   (helmet restricted)
rElec    .         Reflect  .   (no cloak)
rCorr    .         Harm     .   (gloves unavailable)
MR       .....                  (boots unavailable)
Stlth    +.........             (no amulet)
Regen    0.1/turn               (no ring)
MPRegen  0.1/turn               (no ring)

@: very slow
A: unfitting armour, tough skin 1
a: no special abilities


You were on level 1 of the Dungeon.
You were not hungry.

You visited 1 branch of the dungeon, and saw 1 of its levels.

You collected 30 gold pieces.

Inventory:

Armour
 a - a +0 robe (worn)
Jewellery
 f - a +2 amulet of reflection {unknown}
Potions
 e - a potion of heal wounds {unknown}
Books
 b - a book of Flames

   Spells                             Type                      Level
   a - Flame Tongue                   Conjuration/Fire             1
   b - Throw Flame                    Conjuration/Fire             2
   c - Conjure Flame                  Conjuration/Fire             3
   d - Inner Flame                    Hexes/Fire                   3
   e - Sticky Flame                   Conjuration/Fire             4
   f - Fireball                       Conjuration/Fire             5
Comestibles
 c - a bread ration
 d - a chunk of flesh


   Skills:
 - Level 1.7 Dodging
 - Level 1.4 Stealth
 + Level 2.8 Spellcasting
 * Level 2.0 Conjurations
 + Level 3.0 Fire Magic


You had 6 spell levels left.
You knew the following spells:

 Your Spells              Type           Power        Failure   Level  Hunger
a - Flame Tongue          Conj/Fire      ##...        6%          1    #......


Dungeon Overview and Level Annotations

Branches:
Dungeon (1/15)

Altars:


Innate Abilities, Weirdness & Mutations

You are too large for most types of armour.
You have tough skin. (AC +1)


Message History

You closely miss the hobgoblin.
The hobgoblin is heavily wounded.
The bat barely misses you.
The hobgoblin hits you but does no damage.
Casting: Flame Tongue
Confirm with . or Enter, or press ? or * to list all spells.
Aiming: Flame Tongue
Press: ? - help, Shift-Dir - straight line, f - hobgoblin
Aim: a hobgoblin, wielding a club (heavily wounded)
The flame tongue hits the hobgoblin.
The hobgoblin is almost dead.
The hobgoblin is engulfed in a cloud of scalding steam.
You kill the hobgoblin!
You hear a splash.
The bat hits you but does no damage.
Really walk into that cloud of steam? [Y]es or [N]o only, please.
Really walk into that cloud of steam?
You are engulfed in a cloud of scalding steam.
You die...

~~~~~# 7~~~~~7 ~P~~P7~ 77~P~~~~~
PP~~~~~~~ #77~7~P~~P~ #P~~~7P~~~~
###~~~~~~~~~P #.~~@b~~~~~P~
#.~)~~~~~~~~~~ ##########
#.~7~P~~~~~~~P~77# .........#
#.7~~~~~~~~~~~~7~##
)........####.77PP~~~~~~~~~7~.#
.........#....77P~~~~~~~~~PP7.#
...........###7~~~~~~~~~~~~P~.###
........%#####~~PP~~~~~~~~~77....
...........##.7PK~~~~~~~~PP77....


You could see a bat.

Vanquished Creatures
  A gnoll (D:1)
  2 leopard geckos (D:1)
  A giant cockroach (D:1)
  5 goblins (D:1)
  2 hobgoblins (D:1)
  A ball python (D:1)
  4 bats (D:1)
  A frilled lizard (D:1)
  2 kobolds (D:1)
  4 rats (D:1)
23 creatures vanquished.

Notes
Turn   | Place    | Note
-------+----------+-------------------------------------------
     0 | D:1      | Duffy the Ogre Fire Elementalist began the quest for the Orb.
     0 | D:1      | Reached XP level 1. HP: 16/16 MP: 3/3
    17 | D:1      | Reached skill level 1 in Conjurations
   180 | D:1      | Reached XP level 2. HP: 6/24 MP: 3/5
   392 | D:1      | Reached skill level 3 in Fire Magic
   445 | D:1      | Reached XP level 3. HP: 31/31 MP: 4/7
   685 | D:1      | Engulfed by a cloud of steam

Vault maps used:
D:1:      lightli_arrival_statue_moat, serial_bayou_lake_a

Skill      XL: |  1  2  3 |
---------------+----------+-----
Conjurations   | 1 2 |  2.0
Fire Magic     | 3 |  3.0
Dodging        | |  1.7
Stealth        | |  1.4
Spellcasting   | |  2.8

Action                   || total
-------------------------++-------
Melee: Unarmed           ||    43
 Cast: Flame Tongue      ||    24
Armor: Robe              ||    31
Dodge: Dodged            ||    52
